 Dungeon Crawl Stone Soup version 0.29.0-13-gc9e81de378 (webtiles) character file.

Game seed: 6567743707203017069

4444 Persephone the Severer (level 10, 0/81 HPs)
             Began as a Minotaur Fighter on Sept 7, 2022.
             Was a Believer of Qazlal.
             Shot with a bolt by an orc warrior (11 damage)
             ... on level 8 of the Dungeon.
             The game lasted 00:15:07 (9146 turns).

Persephone the Severer (Minotaur Fighter)           Turns: 9146, Time: 00:15:08

Health: 0/81       AC: 17    Str: 22    XL:     10   Next: 15%
Magic:  9/9        EV:  7    Int:  8    God:    Qazlal [**....]
Gold:   560        SH:  8    Dex: 13    Spells: 9/9 levels left

rFire   . . .      SeeInvis .   i - +1 hand axe (flame)
rCold   . . .      Faith    .   c - +0 buckler
rNeg    . . .      Spirit   .   b - +0 storm dragon scales
rPois   .          Reflect  .   r - +0 hat {Int+3}
rElec   +          Harm     .   t - +1 cloak
rCorr   .          Rampage  .   B - +0 pair of gloves
Will    .....                   f - +0 pair of boots {Stlth+}
Stlth   ..........              (no amulet)
HPRegen 0.23/turn               q - +4 ring of slaying
MPRegen 0.11/turn               (no ring)

@: no status effects
A: horns 2, retaliatory headbutt
a: Renounce Religion, Upheaval


You were on level 8 of the Dungeon.
You worshipped Qazlal.
Qazlal was pleased with you.
You visited 2 branches of the dungeon, and saw 9 of its levels.
You also visited: Sewer.

You collected 560 gold pieces.

Inventory:

Hand Weapons
 a - a +1 war axe
 i - a +1 hand axe of flaming (weapon)
 J - a +3 hand axe
Missiles
 y - 2 throwing nets (quivered)
Armour
 b - +0 storm dragon scales (worn)
 c - a +0 buckler (worn)
 f - a +0 pair of boots of stealth (worn)
 r - a +0 hat of intelligence (worn)
 t - a +1 cloak (worn)
 B - a +0 pair of gloves (worn)
Jewellery
 q - a +4 ring of slaying (left hand)
 u - a ring of fire
 A - a ring of wizardry
 I - an amulet of the acrobat
Wands
 z - a wand of digging (3)
 C - a wand of flame (32)
 G - a wand of polymorph (10)
Scrolls
 d - a scroll of amnesia {unknown}
 e - 3 scrolls of butterflies
 j - 2 scrolls of enchant weapon
 o - 3 scrolls of teleportation
 w - 8 scrolls of identify
 x - a scroll of poison {unknown}
 D - 3 scrolls of magic mapping {unknown}
 E - a scroll of enchant armour
 F - a scroll of blinking
 H - a scroll of silence
Potions
 g - 2 potions of mutation
 h - a potion of invisibility {unknown}
 k - 2 potions of berserk rage
 l - a potion of lignification {unknown}
 m - 4 potions of curing {unknown}
 n - 5 potions of magic
 p - 2 potions of haste {unknown}
 s - a potion of brilliance {unknown}
 v - a potion of cancellation {unknown}
 K - a potion of attraction {unknown}


   Skills:
 + Level 5.4 Fighting
 - Level 16.0 Axes
 + Level 5.4 Armour
 + Level 5.5 Shields


You had 9 spell levels left.
You didn't know any spells.
Your spell library contained the following spells:

 Spells                   Type           Power      Damage    Failure   Level
 Foxfire                  Conj/Fire      0%         2x1d4     99%         1
 Shock                    Conj/Air       0%         1d3       99%         1
 Sting                    Tmut/Pois      0%         1d3       99%         1
 Ensorcelled Hibernation  Hex/Ice        0%         N/A       100%        2
 Passwall                 Tmut/Erth      0%         N/A       100%        2
 Poisonous Vapours        Pois/Air       0%         N/A       100%        2
 Static Discharge         Conj/Air       0%         3-3/arc   100%        2
 Sublimation of Blood     Necr           0%         N/A       100%        2
 Wereblood                Tmut           0%         N/A       100%        2
 Call Canine Familiar     Summ           0%         N/A       100%        3
 Conjure Flame            Conj/Fire      0%         6-21      100%        3
 Inner Flame              Hex/Fire       0%         N/A       100%        3
 Portal Projectile        Hex/Tloc       0%         N/A       100%        3
 Swiftness                Air            0%         N/A       100%        3
 Airstrike                Air            0%         2d(0-16)  100%        4
 Animate Dead             Necr           0%         N/A       100%        4
 Flame Wave               Conj/Fire      0%         2d4       100%        4
 Leda's Liquefaction      Hex/Erth       0%         N/A       100%        4
 Olgreb's Toxic Radiance  Pois           0%         N/A       100%        4
 Summon Lightning Spire   Summ/Air       0%         N/A       100%        4
 Lightning Bolt           Conj/Air       0%         1d11      100%        5
 Haunt                    Necr/Summ      0%         N/A       100%        7
 Summon Hydra             Summ           0%         N/A       100%        7
 Infestation              Necr           0%         N/A       100%        8
 Maxwell's Capacitive Co  Air            0%         ∞         100%        8


Dungeon Overview and Level Annotations

Branches:
Dungeon (8/15)             Temple (1/1) D:6            Lair (0/5) D:8
  Sewer (visited)

Altars:
Ashenzari
Elyvilon
Fedhas
Gozag
Hepliaklqana
Nemelex Xobeh
Okawaru
Qazlal
Sif Muna
Trog
Uskayaw
Wu Jian
Xom
Zin

Shops:
D:3 !   D:6 *   D:7 !


Innate Abilities, Weirdness & Mutations

You have a pair of horns on your head.
You reflexively headbutt those who attack you in melee.


Message History

You hit the steam dragon. You burn the steam dragon.
You kill the steam dragon!
Qazlal accepts your kill.
You hear a shout!
An orc priest comes into view. It is wielding a +0 short sword.
You hear a shout!
An orc priest is nearby!
An orc priest is nearby!
The orc priest calls down the wrath of Beogh upon you.
Pain shoots through your body!
An orc priest comes into view. It is wielding a +0 vorpal flail.
You slash the orc priest! You burn the orc priest.
You kill the orc priest!
Qazlal accepts your kill.
The orc priest mumbles some strange prayers to Beogh against you.
Beogh smites you!
You are too injured to fight recklessly!
You are too injured to fight recklessly!
You are too injured to fight recklessly!
Unknown command.
You are too injured to fight recklessly!
An orc warrior comes into view. It is wielding a +0 war axe.
The orc warrior shouts!
The orc priest hits you with a +0 vorpal flail.
* * * LOW HITPOINT WARNING * * *
Things that are here:
a +0 short sword; an orc corpse You slash the orc priest!
You burn the orc priest.
The orc priest is severely wounded.
You slash the orc priest! You burn the orc priest.
You kill the orc priest!
Qazlal accepts your kill.
The orc warrior unwields a +0 war axe.
The orc warrior wields a +0 arbalest.
The orc warrior shoots a bolt.
The bolt closely misses you.
The orc warrior shoots a bolt.
The bolt hits you!
* * * LOW HITPOINT WARNING * * *
It was a potion of magic.
Magic courses through your body.
The orc warrior shoots a bolt.
You block the bolt.
The orc warrior shoots a bolt.
The bolt hits you!
You die...

.... ##....)#....$.+
........#.....#......
.........#.....#
.....
.........#.....# ....
.........#.....# ...
..######+#o..).# ##
#.......####)....#
#.......# #.....#
+......@# ..o..+
#.......# .....#
#......## .......
#......# .......
#......# .......
#......# #......#
########


You could see an orc warrior.

Vanquished Creatures
  A two-headed ogre (D:5)
  Grinder (D:3)
  Prince Ribbit (D:7)
  Sigmund (D:6)
  2 wyverns
  Eustachio (D:6)
  A steam dragon (D:8)
  A water moccasin (D:8)
  An ice beast (D:6)
  2 ogres
  2 centaurs
  3 phantoms
  3 kobold brigands
  3 bullfrogs
  A necrophage (D:6)
  8 wights (D:7)
  5 howler monkeys
  2 jellies (D:4)
  8 orc priests
  Crazy Yiuf (D:2)
  5 hounds
  An iguana (D:7)
  6 orc wizards
  4 gnolls (D:3)
  10 adders
  3 river rats (D:4)
  6 white imps
  2 ufetubi
  3 worms
  3 dart slugs
  29 orcs
  12 endoplasms
  6 giant cockroaches
  10 goblins
  6 hobgoblins
  3 quokkas
  11 ball pythons
  11 bats
  10 frilled lizards
  27 kobolds
  7 rats
223 creatures vanquished.

Vanquished Creatures (others)
  A fungus (Sewer)
  2 plants (Sewer)
3 creatures vanquished.

Grand Total: 226 creatures vanquished

Notes
Turn   | Place    | Note
-------+----------+-------------------------------------------
     0 | D:1      | Persephone the Minotaur Fighter began the quest for the
                  | Orb.
     0 | D:1      | Reached XP level 1. HP: 19/19 MP: 0/0
    96 | D:1      | Reached skill level 3 in Axes
   176 | D:1      | Reached XP level 2. HP: 26/26 MP: 1/1
   242 | D:1      | Reached skill level 4 in Axes
   382 | D:1      | Reached XP level 3. HP: 19/31 MP: 2/2
  1213 | D:2      | Found a faded altar of an unknown god.
  1347 | D:2      | Reached skill level 5 in Axes
  1427 | D:2      | Reached XP level 4. HP: 21/39 MP: 3/3
  1577 | D:2      | Found a runed translucent door.
  1578 | D:2      | Noticed Crazy Yiuf
  2046 | D:2      | Killed Crazy Yiuf
  2274 | D:3      | Found a white marble altar of Elyvilon.
  2284 | D:3      | Found Warupues's Distillery.
  2307 | D:3      | Reached skill level 6 in Axes
  2475 | D:3      | Noticed Grinder
  2480 | D:3      | Paralysed by Grinder for 2 turns
  2488 | D:3      | Killed Grinder
  2489 | D:3      | Reached skill level 7 in Axes
  2489 | D:3      | Reached XP level 5. HP: 38/45 MP: 4/4
  2489 | D:3      | Reached XP level 6. HP: 43/51 MP: 5/5
  2590 | D:3      | Reached skill level 8 in Axes
  3249 | D:4      | Reached skill level 9 in Axes
  3249 | D:4      | Reached XP level 7. HP: 53/57 MP: 6/6
  3440 | D:4      | Found a glowing drain.
  3444 | Sewer    | Entered a sewer
  3599 | Sewer    | Reached skill level 10 in Axes
  4213 | D:4      | Reached skill level 11 in Axes
  4744 | D:5      | Entered Level 5 of the Dungeon
  4756 | D:5      | Reached XP level 8. HP: 64/64 MP: 7/7
  4999 | D:5      | Noticed a two-headed ogre
  5007 | D:5      | Killed a two-headed ogre
  5008 | D:5      | Reached skill level 13 in Axes
  5314 | D:5      | Found a hazy altar of Hepliaklqana.
  5390 | D:5      | Found a stormy altar of Qazlal.
  5390 | D:5      | Found a shimmering blue altar of Sif Muna.
  5391 | D:5      | Found an opulent altar of Gozag.
  5402 | D:5      | Became a worshipper of Qazlal Stormbringer
  5526 | D:5      | Found a bloodstained altar of Trog.
  5527 | D:5      | Found a blossoming altar of Fedhas.
  5889 | D:6      | Reached skill level 14 in Axes
  5889 | D:6      | Reached XP level 9. HP: 55/70 MP: 8/8
  6417 | D:6      | Noticed Sigmund
  6420 | D:6      | Killed Sigmund
  6522 | D:6      | Reached skill level 15 in Axes
  6601 | D:6      | Noticed Eustachio
  6602 | D:6      | Found a staircase to the Ecumenical Temple.
  6627 | Temple   | Entered the Ecumenical Temple
  6694 | D:6      | Killed Eustachio
  6879 | D:6      | Found Aqeawn's Assorted Antiques.
  7290 | D:7      | Reached * piety under Qazlal
  7655 | D:7      | Found a glowing silver altar of Zin.
  7746 | D:7      | Found a broken altar of Ashenzari.
  7755 | D:7      | Noticed Prince Ribbit
  7773 | D:7      | Reached skill level 16 in Axes
  7792 | D:7      | Killed Prince Ribbit
  8183 | D:7      | Reached XP level 10. HP: 41/76 MP: 9/9
  8353 | D:7      | Reached skill level 5 in Shields
  8354 | D:7      | Reached skill level 5 in Fighting
  8354 | D:7      | Reached skill level 5 in Armour
  8462 | D:7      | Found Ugey's Distillery.
  8636 | D:7      | Found an iron altar of Okawaru.
  8640 | D:7      | Found a shimmering altar of Xom.
  8643 | D:7      | Found an ornate altar of the Wu Jian Council.
  8810 | D:8      | Reached ** piety under Qazlal
  8896 | D:8      | Found a staircase to the Lair.
  9146 | D:8      | Shot with a bolt by an orc warrior

Illustrated notes

Levels and vault maps discovered:
D:1:      dpeg_arrival_solitude, layout_loops_ring, grunt_decor_fettered,
          serial_park_tiny_1, minmay_cut_off
D:2:      layout_basic, chequers_ecumenical_altar_grove, uniq_crazy_yiuf_cottage
D:3:      layout_rooms, amcnicky_altar_gilded, serial_shops, nicolae_shop_trees,
          st_stairs_14, kennysheep_cross_bottleneck, roderic_st_hans_cross,
          uniq_grinder
D:4:      layout_basic, gup_sewer_entry_spiral
D:5:      layout_basic, chequers_temple_overflow_statue_of_worship,
          nicolae_overflow_squiral, mainiacjoe_overflow_alcove_4,
          dreamdust_mushroom_princess
D:6:      layout_basic, minmay_temple_entry_tees, serial_shops, shop,
          serial_glass, glass_columns_c, glass_columns_b, minmay_quadrilaterals,
          uniq_sigmund, uniq_eustachio
D:7:      layout_basic, nicolae_ashenzari_skybound,
          nicolae_overflow_crystal_walls, grunt_temple_overflow_diamond,
          serial_shops, shop, nicolae_elevator_lobby_plus, uniq_prince_ribbit1
D:8:      layout_gridville, dpeg_oklobed_lair, minmay_misc_feat_nine_boxes,
          nicolae_straight_to_the_point
Temple:   chequers_temple_sunken

Skill      XL: |  1  2  3  4  5  6  7  8  9 10 |
---------------+-------------------------------+-----
Axes           | 3 4 5 7 9 11 14 16 | 16.0
Fighting       | 4 5 |  5.4
Armour         | 4 5 |  5.4
Shields        | 4 5 |  5.5

Action                   |  1- 3 |  4- 6 |  7- 9 | 10-12 || total
-------------------------+-------+-------+-------+-------++-------
Melee: War axe           |   101 |    68 |   254 |       ||   423
       Headbutt          |    10 |     9 |    38 |     8 ||    65
       Unarmed           |       |       |    13 |       ||    13
       Hand axe          |       |       |       |    44 ||    44
  Use: Scroll            |       |     1 |     9 |       ||    10
       Potion            |       |       |     1 |     1 ||     2
Armor: Scale mail        |    50 |    36 |    35 |       ||   121
       Plate armour      |       |       |    21 |       ||    21
       Storm dragon scal |       |       |    59 |    16 ||    75
       Skin              |       |       |    15 |       ||    15
Dodge: Dodged            |    47 |    27 |   139 |    10 ||   223
Block: Buckler           |    18 |    11 |    47 |     8 ||    84
